 Dungeon Crawl Stone Soup version 0.28-a0-514-g0d7ab7f379 (webtiles) character file.

Game seed: 13385102933517967096

58 robertstho the Magician (level 4, -1/31 HPs)
             Began as a Djinni Fire Elementalist on Sept 22, 2021.
             Slain by Sigmund (4 damage)
             ... on level 3 of the Dungeon.
             The game lasted 00:01:56 (2261 turns).

robertstho the Magician (Djinni Fire Elementalist)  Turns: 2261, Time: 00:01:57

Health: -1/31      AC:  2    Str: 13    XL:     4   Next: 20%
Gold:   77         EV: 11    Int: 18    God:
                   SH:  3    Dex: 13

rFire   + + .      SeeInvis .   b - +2 whip (elec)
rCold   x . .      Faith    .   g - +0 buckler
rNeg    . . .      Spirit   .   a - +0 robe
rPois   ∞          Reflect  .   (no helmet)
rElec   .          Harm     .   (no cloak)
rCorr   .          Rampage  .   (no gloves)
Will    .....                   (boots unavailable)
Stlth   ++........              (no amulet)
HPRegen 0.10/turn               e - +6 ring of strength
MPRegen 0.00/turn               (no ring)

@: flying, very slightly contaminated
A: sickness immunity, fire resistance 2, cold vulnerability 1, float, innate
caster, hp casting, extra vitality 1
a: no special abilities


You were on level 3 of the Dungeon.
You visited 1 branch of the dungeon, and saw 3 of its levels.

You collected 77 gold pieces.

Inventory:

Hand Weapons
 b - a +2 whip of electrocution (weapon)
Armour
 a - a +0 robe (worn)
 g - a +0 buckler (worn)
Jewellery
 e - a +6 ring of strength (left hand)
Scrolls
 i - a scroll of fog
Potions
 d - 2 potions of cancellation {unknown}
 j - a potion of might {unknown}
 k - a potion of haste {unknown}


   Skills:
 * Level 0.8 Fighting
 + Level 0.8 Maces & Flails
 + Level 2.5 Dodging
 + Level 1.9 Stealth
 * Level 3.1 Spellcasting


You couldn't memorise any spells.
You knew the following spells:

 Your Spells              Type           Power      Damage    Failure   Level
a - Foxfire               Conj/Fire      56%        2x1d6     8%          1
b - Scorch                Fire           28%        2d6       11%         2
c - Conjure Flame         Conj/Fire      14%        6-21      22%         3
d - Inner Flame           Hex/Fire       14%        N/A       22%         3
e - Flame Wave            Conj/Fire      14%        3d5       58%         4
f - Summon Small Mammal   Summ           56%        N/A       8%          1
Your spell library was empty.

Dungeon Overview and Level Annotations

Branches:
Dungeon (3/15)

Altars:

Shops:
D:3 :

Annotations:
D:3 Sigmund


Innate Abilities, Weirdness & Mutations

You are immune to sickness and miasma.
You are immune to poison.
Your flesh is very heat resistant. (rF++)
You are vulnerable to cold. (rC-)
You float through the air rather than walking.
You learn spells naturally, not from books.
Your magical power is your life essence.
You have superior vitality. (+4 HP)


Message History

Casting: Foxfire (safe; 8% risk of failure)
Confirm with . or Enter, or press ? or * to list all spells.
Flames lash Sigmund.
Sigmund is lightly wounded.
Sigmund's fire resistance burns away.
You block Sigmund's attack.
Casting: Scorch (safe; 11% risk of failure)
Confirm with . or Enter, or press ? or * to list all spells.
Flames lash Sigmund.
Sigmund is burned terribly!
Sigmund is moderately wounded.
Casting: Scorch (safe; 11% risk of failure)
Confirm with . or Enter, or press ? or * to list all spells.
You miscast Scorch.
You are very lightly contaminated with residual magic.
Nothing appears to happen.
Sigmund is no longer more vulnerable to fire.
Sigmund hits you from afar with a +0 scythe!
Casting: Scorch (safe; 11% risk of failure)
Confirm with . or Enter, or press ? or * to list all spells.
Flames lash Sigmund.
Sigmund is heavily wounded.
Sigmund's fire resistance burns away.
Sigmund completely misses you.
Casting: Scorch (safe; 11% risk of failure)
Confirm with . or Enter, or press ? or * to list all spells.
You miscast Scorch.
Nothing appears to happen.
Casting: Scorch (safe; 11% risk of failure)
Confirm with . or Enter, or press ? or * to list all spells.
Flames lash Sigmund.
Sigmund is burned terribly!
Sigmund is severely wounded.
* * * LOW HITPOINT WARNING * * *
Sigmund hits you from afar with a +0 scythe.
* * * LOW HITPOINT WARNING * * *
Casting: Scorch (safe; 11% risk of failure)
Confirm with . or Enter, or press ? or * to list all spells.
Flames lash Sigmund.
Sigmund is burned terribly!
Sigmund is almost dead.
* * * LOW HITPOINT WARNING * * *
Sigmund is no longer more vulnerable to fire.
Sigmund whispers, "You'll know eternity soon."
Sigmund hits you from afar with a +0 scythe.
You die...

.. .# .. ..# ##
..####### .#
##.......# )#
##........###### @#
...### #..##...##.#
##:..###........@.#
....)...∩....###...#
####†....#####
##...# #.##..#
.#.... #.##..#
......$ ###.....
####... ####### .#.
.


You could see Sigmund.

Vanquished Creatures
  An adder (D:2)
  4 ball pythons
  5 bats
  4 endoplasms
  2 giant cockroaches
  9 goblins
  3 hobgoblins
  3 jackals (D:2)
  2 quokkas (D:1)
  2 frilled lizards
  4 kobolds
  5 rats
44 creatures vanquished.

Vanquished Creatures (others)
  13 foxfires (D:1)
13 creatures vanquished.

Grand Total: 57 creatures vanquished

Notes
Turn   | Place    | Note
-------+----------+-------------------------------------------
     0 | D:1      | robertstho the Djinni Fire Elementalist began the quest for
                  | the Orb.
     0 | D:1      | Reached XP level 1. HP: 15/15 MP: 0/0
   272 | D:1      | Reached XP level 2. HP: 21/21 MP: 0/0
   964 | D:1      | Found a faded altar of an unknown god.
   974 | D:1      | Reached skill level 3 in Spellcasting
   974 | D:1      | Reached XP level 3. HP: 22/25 MP: 0/0
   974 | D:1      | Learned a level 1 spell: Summon Small Mammal
  1948 | D:2      | Reached XP level 4. HP: 31/31 MP: 0/0
  2233 | D:3      | Found Bayjokhlai's Book Shoppe.
  2254 | D:3      | Noticed Sigmund
  2261 | D:3      | Slain by Sigmund

Illustrated notes

Levels and vault maps discovered:
D:1:      dpeg_arrival_tiny_a, layout_basic, hellmonk_ecumenical_altar_zigzags,
          minmay_misc_feat_plants
D:2:      layout_basic
D:3:      layout_rooms, serial_shops, nicolae_square_shop, gup_sewer_entry_pipe,
          uniq_sigmund

Skill      XL: |  1  2 |
---------------+-------+-----
Spellcasting   | 3 |  3.1
Fighting       | |  0.8
Maces & Flails | |  0.8
Dodging        | |  2.5
Stealth        | |  1.9

Action                   |  1- 3 |  4- 6 || total
-------------------------+-------+-------++-------
Melee: Whip              |    91 |    20 ||   111
 Cast: Foxfire           |     9 |       ||     9
       Scorch            |       |     5 ||     5
  Use: Scroll            |       |     3 ||     3
 Stab: Sleeping          |     6 |     3 ||     9
Armor: Robe              |    19 |     4 ||    23
Dodge: Dodged            |    57 |     7 ||    64
Block: Buckler           |     3 |     3 ||     6

Table legend: (Time is in decaauts)
 A = Elapsed time spent in this place.
 B = Non-inter-level travel time spent in this place.
 C = Inter-level travel time spent in this place.
 D = Time resting spent in this place.
 E = Time spent auto-exploring this place.
 F = Levels seen in this place.
 G = Mean time per level.
                   A        B        C        D        E       F      G
               +--------+--------+--------+--------+--------+-----+--------+
         Total |   2272 |   2223 |     49 |      0 |   1917 |   3 |  757.3 |
       Dungeon |   2272 |   2223 |     49 |      0 |   1917 |   3 |  757.3 |
               +--------+--------+--------+--------+--------+-----+--------+

Top non-repeatable levels by time:
     D:1: 1242 daAuts
     D:2: 993 daAuts
     D:3: 36 daAuts
